 Dungeon Crawl Stone Soup version 0.18-a0-1040-g4865665 (webtiles) character file.

33576 Geeful the Peltast (level 14, -8/93 HPs)
             Began as a Formicid Abyssal Knight on Jan 10, 2016.
             Was the Champion of Lugonu.
             Killed from afar by a fire drake (9 damage)
             ... with a blast of flame
             ... on level 4 of the Lair of Beasts.
             The game lasted 01:05:10 (18973 turns).

Geeful the Peltast (Formicid Abyssal Knight)       Turns: 18973, Time: 01:05:10

Health: -8/93      AC: 16    Str: 22    XL:     14   Next: 8%
Magic:  20/20      EV:  7    Int: 12    God:    Lugonu [******]
Gold:   919        SH: 20    Dex: 10    Spells: 0 memorised, 13 levels left

rFire  . . .     SeeInvis +     a - +4 great sword (freeze)
rCold  + + .     Gourm    .     z - +0 plate armour
rNeg   . . .     Faith    .     e - +0 large shield {rPois}
rPois  +         Spirit   .     (helmet unavailable)
rElec  .         Dismiss  .     (no cloak)
rCorr  .         Reflect  .     y - +0 pair of gloves
SustAt .         Harm     .     (no boots)
MR     +....                    (no amulet)
Stlth  ..........               L - ring of protection from cold
                                t - ring of protection from cold

@: somewhat resistant to hostile enchantments, extremely unstealthy
A: permanent stasis, dig shafts and tunnels, four strong arms, antennae 3
a: Dig, Shaft Self, Depart the Abyss, Bend Space, Banish, Corrupt, Enter the
Abyss, Brand Weapon With Distortion, Renounce Religion


You were on level 4 of the Lair of Beasts.
You worshipped Lugonu.
Lugonu was exalted by your worship.
You were not hungry.

You visited 2 branches of the dungeon, and saw 16 of its levels.
You visited the Abyss 1 time.
You also visited: Sewer and Ossuary.

You collected 919 gold pieces.

Inventory:

Hand Weapons
 a - a +4 great sword of freezing (weapon)
 b - a +1 blowgun
Missiles
 s - a throwing net (quivered)
 u - 16 poisoned needles
Armour
 e - a +0 large shield of poison resistance (worn)
 y - a +0 pair of gloves (worn)
 z - a +0 plate armour (worn)
Jewellery
 l - an uncursed ring of fire
 t - a ring of protection from cold (left hand)
 A - an uncursed ring of stealth
 K - an uncursed ring of fire
 L - a ring of protection from cold (right hand)
Wands
 d - a wand of confusion (7/48)
 r - a wand of slowing (44/48)
 I - a wand of lightning (1/15)
 M - a wand of polymorph (10/24)
 O - a wand of frost (21/48)
Scrolls
 f - 2 scrolls of fear
 j - 6 scrolls of remove curse
 q - 3 scrolls of amnesia
 B - 2 scrolls of recharging
 F - 3 scrolls of enchant armour
 G - 4 scrolls of immolation
 H - 4 scrolls of fog
 Q - 3 scrolls of identify
 S - a scroll of enchant weapon
Potions
 h - a potion of lignification
 k - 3 potions of flight
 n - a potion of cancellation
 o - a potion of cure mutation
 p - 2 potions of agility
 v - 9 potions of curing
 w - a potion of haste {unknown}
 D - a potion of brilliance
 E - a potion of ambrosia
 N - a potion of invisibility
 P - a potion of magic {unknown}
Miscellaneous
 x - a phantom mirror
Comestibles
 c - 12 bread rations
 g - 4 slices of pizza
 i - 9 meat rations
 m - 8 royal jellies
 C - 31 fruits
 J - a beef jerky
 R - 6 chunks of flesh


   Skills:
 - Level 3.2 Fighting
 + Level 14.0 Long Blades
 + Level 11.4 Armour
 - Level 0.8 Dodging
 + Level 15.2 Shields
 + Level 8.4 Invocations


You had 13 spell levels left.
You didn't know any spells.

Dungeon Overview and Level Annotations

Branches:
Dungeon (12/15)            Temple (0/1) D:6            Lair (4/8) D:9
 Shoals (0/4) Lair:3          Orc (0/2) D:10
  Snake: Lair:3-6    Spider: Lair:3-6

Altars:
Cheibriados
Dithmenos
Elyvilon
Gozag
Kikubaaqudgha
Nemelex Xobeh
Pakellas
Qazlal
Ru
Sif Muna
Trog
Xom


Innate Abilities, Weirdness & Mutations

You are under a permanent stasis effect.
You can dig through walls and to a lower floor.
Your four strong arms can wield two-handed weapons with a shield.
You have a pair of large antennae on your head (SInv).


Message History

The fire drake bites you but does no damage.
You slash the fire drake! You freeze the fire drake.
The fire drake is moderately wounded.
You block the fire drake's attack.
The fire drake bites the plant.
The fire drake bites you. The fire drake breathes flames at you.
The blast of flame hits you! The fire drake breathes flames at you.
The blast of flame hits the fire drake.
The fire drake resists.
The blast of flame hits you!
* * * LOW HITPOINT WARNING * * *
The fire drake bites the plant but does no damage.
The fire drake bites you but does no damage.
The fire drake bites the plant but does no damage.
The fire drake breathes flames at you. The blast of flame hits you!
* * * LOW HITPOINT WARNING * * *
The fire drake breathes flames at you. The blast of flame hits you!
You die...

#.#.PP.P...## #.PP..P..:..
##[.../.k.P# #P....PPP..#
#P.P.....)# #...P...k.#
#...Pkl.## #%...k.@.#
#.......## #.......# ###
#........###.#### #######
...........P#.##P###.#...#
...................[.......
..........(................
...........................
..........................


You could see 4 fire drakes and an iguana.

Vanquished Creatures
  Gastronok (Lair:2)
  The ghost of chequers the Spear-Bearer, a novice DsGl of Okawaru (D:8)
  6 hill giants
  2 cyclopes
  A griffon (Lair:3)
  A siren (Lair:3)
  A gargoyle (D:11)
  A black mamba (Lair:1)
  The ghost of Wallaby3 the Grave Robber, a novice DDNe (D:5)
  4 spiny frogs
  A yaktaur (D:10)
  A fire drake (Lair:4)
  11 komodo dragons
  A queen bee (D:10)
  2 trolls (D:10)
  A two-headed ogre (D:10)
  15 blink frogs
  2 slime creatures (D:11)
  Sigmund (D:4)
  2 wyverns
  3 wraiths
  36 yaks
  A vampire (D:7)
  Eustachio (D:4)
  A steam dragon (D:8)
  3 basilisks
  2 hungry ghosts
  6 hippogriffs
  5 wolves (Lair:1)
  Edmund (D:6)
  7 water moccasins
  7 porcupines
  5 orc warriors
  2 sky beasts
  3 ice beasts
  A black bear (D:9)
  A wasp (D:10)
  5 ogres
  2 phantoms
  5 centaurs
  7 crocodiles
  3 big kobolds
  7 giant frogs
  A wyvern zombie (D:10)
  17 killer bees (D:10)
  3 wights (D:6)
  An electric eel (Lair:3)
  6 crimson imps
  5 centaur zombies
  A giant frog zombie (D:11)
  A quasit (D:10)
  6 orc priests
  9 hounds
  2 human zombies (Ossuary)
  A centaur skeleton (D:9)
  4 jellies
  6 iguanas
  7 worker ants
  13 orc wizards
  2 sheep (D:11)
  A hound skeleton (D:5)
  4 mummies (Ossuary)
  7 gnolls
  46 river rats
  13 adders
  A shadow imp (D:11)
  12 white imps (Lair:2)
  An ooze (D:4)
  2 adder skeletons
  3 worms
  6 giant geckos
  70 orcs
  7 giant cockroaches
  2 gnoll zombies (Ossuary)
  6 goblins
  6 hobgoblins
  11 jackals
  18 kobolds
  5 quokkas
  6 bats
  2 giant gecko zombies
  8 giant newts
  A goblin zombie (Ossuary)
  2 kobold zombies (Ossuary)
  An orc zombie (Ossuary)
  2 quokka zombies (D:8)
  12 rats
510 creatures vanquished.

Vanquished Creatures (others)
  A slime creature (D:10)
  A hydra (Lair:1)
  8 fungi (Lair:1)
10 creatures vanquished.

Grand Total: 520 creatures vanquished

Notes
Turn   | Place    | Note
--------------------------------------------------------------
     0 | Abyss:1  | Geeful the Formicid Abyssal Knight began the quest for the Orb.
     0 | Abyss:1  | Reached XP level 1. HP: 18/18 MP: 2/2
    29 | Abyss:1  | Noticed a wretched star
    32 | D:1      | Escaped the Abyss
   300 | D:1      | Reached XP level 2. HP: 24/24 MP: 3/3
   329 | D:1      | Reached * piety under Lugonu
   714 | D:1      | Reached XP level 3. HP: 27/29 MP: 4/4
  1499 | D:2      | Reached ** piety under Lugonu
  1499 | D:2      | Reached skill level 4 in Long Blades
  1499 | D:2      | Reached XP level 4. HP: 35/35 MP: 5/5
  1578 | D:2      | Found a snail-covered altar of Cheibriados.
  2120 | D:3      | Reached skill level 5 in Long Blades
  2120 | D:3      | Reached XP level 5. HP: 37/41 MP: 6/6
  2272 | D:3      | HP: 2/41 [gnoll (1)]
  2836 | D:3      | Found a faded altar to an unknown god.
  2874 | D:3      | Reached XP level 6. HP: 45/47 MP: 7/7
  2917 | D:3      | Reached *** piety under Lugonu
  3130 | D:3      | Found an oddly glowing altar of Pakellas.
  3148 | D:3      | Found a bloodstained altar of Trog.
  3199 | D:3      | Found a stormy altar of Qazlal.
  3249 | D:3      | Reached skill level 6 in Long Blades
  3471 | D:4      | Reached skill level 1 in Shields
  3695 | D:4      | Noticed Eustachio
  3720 | D:4      | Killed Eustachio
  3720 | D:4      | Reached XP level 7. HP: 40/52 MP: 8/8
  4348 | D:4      | Reached skill level 7 in Long Blades
  4505 | D:4      | Noticed Sigmund
  4514 | D:4      | Killed Sigmund
  4521 | D:4      | Reached XP level 8. HP: 47/58 MP: 9/9
  4762 | D:4      | Reached skill level 5 in Shields
  5368 | D:5      | Entered Level 5 of the Dungeon
  5396 | D:5      | Reached skill level 8 in Long Blades
  5444 | D:5      | Noticed Wallaby3's ghost (novice DDNe)
  5477 | D:5      | Killed Wallaby3's ghost
  5515 | D:5      | Found a glowing drain.
  5640 | Sewer    | Entered a sewer
  5740 | Sewer    | Reached XP level 9. HP: 64/64 MP: 10/10
  5780 | Sewer    | Found a white marble altar of Elyvilon.
  5897 | D:5      | Reached **** piety under Lugonu
  6038 | D:5      | Reached skill level 9 in Long Blades
  6499 | D:6      | Found a staircase to the Ecumenical Temple.
  6813 | D:6      | Noticed Edmund
  6822 | D:6      | Killed Edmund
  6882 | D:6      | Found a shimmering altar of Xom.
  7245 | D:7      | Reached skill level 10 in Long Blades
  7430 | D:7      | Reached XP level 10. HP: 70/70 MP: 11/11
  7528 | D:7      | Reached skill level 10 in Shields
  8059 | D:8      | Found a sand-covered staircase.
  8078 | Ossuary  | Entered an ossuary
  8696 | D:8      | Noticed chequers's ghost (novice DsGl)
  8736 | D:8      | Killed chequers's ghost
  8751 | D:8      | Reached ***** piety under Lugonu
  8997 | D:8      | Found an ancient bone altar of Kikubaaqudgha.
  8998 | D:8      | Found a sacrificial altar of Ru.
  8998 | D:8      | Found a white marble altar of Elyvilon.
  8998 | D:8      | Found a sparkling altar of Nemelex Xobeh.
  8998 | D:8      | Found a shadowy altar of Dithmenos.
  9023 | D:8      | Found an opulent altar of Gozag.
  9043 | D:8      | Reached skill level 11 in Long Blades
  9949 | D:9      | Reached skill level 5 in Armour
 10133 | D:9      | Reached XP level 11. HP: 31/75 MP: 12/12
 10418 | D:9      | Found a staircase to the Lair.
 10669 | D:10     | Entered Level 10 of the Dungeon
 11020 | D:10     | Reached skill level 12 in Shields
 11026 | D:10     | Found a staircase to the Orcish Mines.
 11206 | D:10     | Noticed a hill giant
 11220 | D:10     | Killed a hill giant
 11270 | D:10     | Noticed a hill giant
 11302 | D:10     | Killed a hill giant
 11435 | D:10     | Noticed a hill giant
 11464 | D:10     | Killed a hill giant
 11503 | D:10     | Noticed a hill giant
 11515 | D:10     | Noticed a cyclops
 11542 | D:10     | Killed a hill giant
 11777 | D:10     | Killed a cyclops
 11804 | D:10     | Reached XP level 12. HP: 65/81 MP: 13/13
 11810 | D:10     | Reached skill level 13 in Shields
 12919 | D:11     | Reached ****** piety under Lugonu
 12978 | D:11     | Found an oddly glowing altar of Pakellas.
 13946 | Lair:1   | Entered Level 1 of the Lair of Beasts
 14456 | Lair:1   | Reached skill level 14 in Shields
 14502 | Lair:1   | Reached skill level 5 in Invocations
 14502 | Lair:1   | Reached XP level 13. HP: 69/86 MP: 16/16
 14733 | Lair:1   | Reached skill level 10 in Armour
 15569 | Lair:2   | Noticed an eight-headed hydra
 15581 | Lair:1   | Banished an eight-headed hydra
 16141 | Lair:2   | Noticed Gastronok
 17165 | Lair:2   | Killed Gastronok
 17741 | Lair:3   | Reached skill level 15 in Shields
 18259 | Lair:3   | Found a deep blue altar of Sif Muna.
 18293 | Lair:3   | Reached XP level 14. HP: 88/93 MP: 20/20
 18610 | Lair:3   | Found a staircase to the Shoals.
 18973 | Lair:4   | HP: 1/93 [fire drake/blast of flame (26)]
 18973 | Lair:4   | Killed from afar by a fire drake

Vault maps used:
D:1:      minmay_arrival_jagged
D:2:      cheibriados_altar_wand_db
D:3:      amethyst_overflow_temple_binary, ecumenical_altar_1,
          nicolae_qazlal_eye_of_the_storm
D:4:      first_bread, uniq_sigmund, uniq_eustachio
D:5:      portal_sewer_entry_d, kennysheep_nondescript
D:6:      minmay_temple_entry_hall, tgw_xom, uniq_edmund
D:8:      grunt_temple_overflow_open, enter_ossuary_4
D:9:      lair_0_dummy
D:10:     hangedman_cross_stitches, david_orc_3, special_room
D:11:     blue_anna_alchemist, grunt_pakellas_basics
D:12:     serial_shops, shop, grunt_decor_cap, st_stairs_10
Lair:1:   guppyfry_lair_drakes
Lair:2:   dpeg_oklob_shooting_range, portal_ice_cave_entry_imps, st_stairs_11,
          beast_lair_carwin_3, grunt_megastairs_1, uniq_gastronok
Lair:3:   minmay_shoals_entry_lonely_mermaid, basic_altar, grunt_megastairs_4,
          serial_bayou_shore_b, serial_bayou_shore_b
Lair:4:   minmay_lair_drake_nest
Sewer:    sewer_kobolds
Ossuary:  ossuary_crypta

Action                   |  1- 3 |  4- 6 |  7- 9 | 10-12 | 13-15 || total
-------------------------+-------+-------+-------+-------+-------++-------
Melee: Falchion          |    25 |       |       |       |       ||    25
       Short sword       |    71 |   204 |   215 |       |       ||   490
       Dagger            |       |       |    81 |       |       ||    81
       Great sword       |       |       |   138 |   787 |   528 ||  1453
 Fire: Blowgun           |       |     4 |     4 |    68 |    23 ||    99
Invok: Depart the Abyss  |     1 |       |       |       |       ||     1
       Banish            |       |       |       |     1 |     3 ||     4
 Abil: Dig               |     2 |     1 |     1 |     3 |     8 ||    15
Evoke: Wand              |       |     1 |     4 |     2 |     1 ||     8
  Use: Potion            |     1 |     5 |     2 |     4 |     7 ||    19
       Scroll            |     4 |     1 |    11 |     6 |     4 ||    26
 Stab: Confused          |       |       |     2 |       |       ||     2
  Eat: Chunk             |     2 |     7 |    13 |    26 |    14 ||    62
       Beef jerky        |       |       |       |       |     2 ||     2
